 Dungeon Crawl Stone Soup version 0.22.1-1-ga44c0e5 (webtiles) character file.

2046122 VortexTurtle the Hand of Fortune (level 27, 200/200 HPs)
             Began as a Hill Orc Fire Elementalist on Oct 30, 2018.
             Was the Champion of Nemelex Xobeh.
             Escaped with the Orb
             ... and 5 runes on Nov 8, 2018!
             The game lasted 19:52:28 (142916 turns).

VortexTurtle the Hand of Fortune (HOFE)           Turns: 142916, Time: 19:52:29

Health: 200/200    AC: 30    Str: 15    XL:     27
Magic:  51/51      EV: 15    Int: 23    God:    Nemelex Xobeh [******]
Gold:   4220       SH: 26    Dex: 12    Spells: 3/54 levels left

rFire    + . .     SeeInvis .   b - staff of power
rCold    . . .     Gourm    .   M - +4 shield {AC+3}
rNeg     + + .     Faith    .   H - +6 scale mail of Happy Babbling {*Slow rPois rN++ rCorr}
rPois    +         Spirit   .   K - +2 helmet
rElec    .         Reflect  +   o - +1 cloak of Qiniwuc {+Inv MR+ Str-2 Stlth+}
rCorr    +         Harm     .   Z - +2 pair of gloves {Dex+3}
MR       +++++                  I - +2 pair of boots
Stlth    +.........             P - +5 amulet of reflection
HPRegen  0.83/turn              i - ring of protection from fire
MPRegen  0.32/turn              r - ring of the Mage {Wiz MR++ Int+3}

@: no status effects
A: talons 1, large bone plates 1, clumsy 1, deformed body, dopey 1, frail 2, low
mp 1, regeneration 1, subdued magic 1, MP-powered wands
0: Orb of Zot
}: 5/15 runes: barnacled, slimy, silver, abyssal, gossamer
a: Triple Draw, Deal Four, Stack Five, Renounce Religion, Evoke Invisibility


You escaped.
You worshipped Nemelex Xobeh.
Nemelex Xobeh was exalted by your worship.
You were not hungry.

You visited 11 branches of the dungeon, and saw 57 of its levels.
You visited the Abyss 2 times.
You visited 1 bazaar.
You also visited: Labyrinth, Trove, Sewer and Wizlab.

You collected 8866 gold pieces.
You spent 4646 gold pieces at shops.

Inventory:

Hand Weapons
 a - a +8 broad axe of freezing
 w - the +2 hand axe "Nuarint" {freeze, rElec rC- rN++ Dex-4}
   (You found it in a wizard's laboratory)

   It has been specially enchanted to freeze those struck by it, causing extra
   injury to most foes and up to half again as much damage against particularly
   susceptible opponents.
   It can also slow down cold-blooded creatures.
   It affects your dexterity (-4).
   It makes you vulnerable to cold.
   It insulates you from electricity.
   It greatly protects you from negative energy.
Missiles
 d - 13 throwing nets (quivered)
Armour
 o - the +1 cloak of Qiniwuc (worn) {+Inv MR+ Str-2 Stlth+}
   (You found it in a wizard's laboratory)

   It affects your strength (-2).
   It affects your resistance to hostile enchantments.
   It lets you turn invisible.
   It makes you more stealthy.
 u - the +0 pair of boots of the Flute {-Tele Slay+5}
   (You found it on level 2 of the Crypt)

   It affects your accuracy and damage with ranged weapons and melee attacks
   (+5).
   It prevents most forms of teleportation.
 H - the +6 scale mail of Happy Babbling (worn) {*Slow rPois rN++ rCorr}
   (You found it on level 4 of the Lair of Beasts)

   It protects you from poison.
   It greatly protects you from negative energy.
   It provides partial protection from all sources of acid and corrosion.
   It may slow you when you take damage.
 I - a +2 pair of boots (worn)
 K - a +2 helmet (worn)
 M - a +4 shield of protection (worn)
 Z - a +2 pair of gloves of dexterity (worn)
Magical Staves
 b - an uncursed staff of power (weapon)
Jewellery
 i - a ring of protection from fire (left hand)
 k - an uncursed ring of see invisible
 r - the ring of the Mage (right hand) {Wiz MR++ Int+3}
   (You found it on level 5 of the Pits of Slime)

   [ring of wizardry]

   It improves your spell success rate.
   It affects your intelligence (+3).
   It affects your resistance to hostile enchantments.
 x - an uncursed ring of protection from cold
 P - a +5 amulet of reflection (around neck)
 Q - an uncursed ring of protection from fire
Wands
 e - a wand of digging (17)
 n - a wand of acid (50)
Scrolls
 m - 4 scrolls of immolation
 p - 2 scrolls of amnesia
 s - 3 scrolls of magic mapping
 t - 15 scrolls of teleportation
 z - 18 scrolls of remove curse
 D - a scroll of silence
 E - 5 scrolls of fog
 N - 12 scrolls of blinking
 S - 14 scrolls of identify
 X - 4 scrolls of fear
Potions
 f - 5 potions of might
 g - 4 potions of agility
 j - 5 potions of brilliance
 l - 16 potions of curing
 C - 12 potions of heal wounds
 F - 4 potions of cancellation
 G - 7 potions of flight
 J - a potion of mutation
 L - 3 potions of magic
 R - 5 potions of resistance
 Y - 5 potions of haste
Miscellaneous
 h - a legendary deck of destruction {Vitriol, left: 5}
 q - a legendary deck of escape {Velocity, left: 5}
 y - a legendary deck of destruction {Wild Magic, left: 5}
 A - a legendary deck of escape {the Elixir, left: 5}
 B - a legendary deck of summoning
 O - a legendary deck of summoning
 T - a legendary deck of escape {Velocity, left: 4}
 U - a legendary deck of escape {the Cloud, left: 3}
 V - a legendary deck of summoning {drawn: 4}
 W - a phantom mirror
Comestibles
 c - 20 rations


   Skills:
 + Level 21.2 Fighting
 - Level 18.0 Axes
 - Level 16.0 Armour
 + Level 10.8 Dodging
 - Level 1.5 Stealth
 - Level 15.0 Shields
 - Level 14.0 Spellcasting
   Level 11.2 Conjurations
 - Level 5.0 Hexes
 - Level 7.5 Charms
 - Level 18.0 Summonings
 - Level 3.0 Necromancy
 - Level 12.0 Translocations
   Level 12.0 Fire Magic
 - Level 4.0 Air Magic
   Level 7.0 Poison Magic
 - Level 22.0 Invocations
 - Level 10.0 Evocations


You had 3 spell levels left.
You knew the following spells:

 Your Spells              Type           Power        Failure   Level  Hunger
a - Summon Lightning Spi  Summ/Air       ######..     1%          4    None
b - Shadow Creatures      Summ           N/A          1%          6    #####..
c - Summon Greater Demon  Summ           ######....   1%          7    ######.
d - Passwall              Tmut/Erth      ##......     4%          2    None
e - Malign Gateway        Summ/Tloc      ######....   6%          7    ######.
f - Summon Mana Viper     Hex/Summ       ######..     1%          5    ###....
g - Apportation           Tloc           ######       1%          1    None
h - Dispersal             Tloc           ######....   3%          6    #####..
A - Swiftness             Chrm/Air       ####....     1%          2    None
B - Regeneration          Chrm/Necr      ####......   1%          3    None
D - Blink                 Tloc           N/A          1%          2    None
E - Summon Butterflies    Summ           ######..     0%          1    None
F - Aura of Abjuration    Summ           ######....   1%          5    ###....

Your spell library contained the following spells:

 Spells                   Type           Power        Failure   Level  Hunger
 Summon Small Mammal      Summ           ####         0%          1    None
 Call Imp                 Summ           ######..     0%          2    None
 Call Canine Familiar     Summ           ######..     0%          3    None
 Animate Skeleton         Necr           N/A          1%          1    None
 Confusing Touch          Hex            ####..       1%          1    None
 Corona                   Hex            ####...      1%          1    None
 Flame Tongue             Conj/Fire      #####        1%          1    None
 Infusion                 Chrm           ####         1%          1    None
 Magic Dart               Conj           ####         1%          1    None
 Pain                     Necr           ###.         1%          1    None
 Shock                    Conj/Air       ####         1%          1    None
 Sting                    Conj/Pois      ####         1%          1    None
 Corpse Rot               Necr           N/A          1%          2    None
 Poisonous Vapours        Pois/Air       ####..       1%          2    None
 Searing Ray              Conj           ######       1%          2    None
 Shroud of Golubria       Chrm/Tloc      #####.....   1%          2    None
 Slow                     Hex            ####....     1%          2    None
 Song of Slaying          Chrm           #####...     1%          2    None
 Sublimation of Blood     Necr           ###.......   1%          2    None
 Throw Flame              Conj/Fire      ######       1%          2    None
 Throw Frost              Conj/Ice       ####..       1%          2    None
 Confuse                  Hex            ####....     1%          3    None
 Conjure Flame            Conj/Fire      ######..     1%          3    None
 Dazzling Spray           Conj/Hex       #####.       1%          3    None
 Gell's Gravitas          Tloc           ######....   1%          3    None
 Inner Flame              Hex/Fire       #####...     1%          3    None
 Lesser Beckoning         Tloc           ######....   1%          3    None
 Mephitic Cloud           Conj/Pois/Air  #####...     1%          3    None
 Portal Projectile        Hex/Tloc       #####.       1%          3    None
 Recall                   Summ/Tloc      N/A          1%          3    None
 Spectral Weapon          Hex/Chrm       ####....     1%          3    None
 Static Discharge         Conj/Air       #####...     1%          3    None
 Stone Arrow              Conj/Erth      ####..       1%          3    None
 Summon Guardian Golem    Hex/Summ       ######..     1%          3    None
 Teleport Other           Tloc           ######..     1%          3    None
 Spider Form              Tmut/Pois      ###.......   2%          3    None
 Beastly Appendage        Tmut           ##....       3%          1    None
 Sandblast                Erth           ##....       3%          1    None
 Sticks to Snakes         Tmut           ##......     4%          2    None
 Force Lance              Conj/Tloc      ######..     1%          4    None
 Fulminant Prism          Conj/Hex       #####.....   1%          4    None
 Iskenderun's Mystic Bla  Conj           ######..     1%          4    None
 Olgreb's Toxic Radiance  Pois           #####...     1%          4    None
 Sticky Flame             Conj/Fire      ######..     1%          4    None
 Summon Ice Beast         Ice/Summ       #####...     1%          4    None
 Fireball                 Conj/Fire      ######....   1%          5    ###....
 Iskenderun's Battlesphe  Conj/Chrm      #####...     1%          5    ###....
 Summon Demon             Summ           ######....   1%          5    ###....
 Summon Forest            Summ/Tloc      ######....   1%          5    ###....
 Venom Bolt               Conj/Pois      #####.....   1%          5    ###....
 Monstrous Menagerie      Summ           ######....   1%          7    ######.
 Summon Hydra             Summ           ######....   1%          7    ######.
 Bolt of Magma            Conj/Fire/Erth #####.....   3%          5    ###....
 Cause Fear               Hex            ####......   4%          4    None
 Bolt of Draining         Conj/Necr      #####.....   4%          5    ###....
 Lightning Bolt           Conj/Air       #####.....   4%          5    ###....
 Bolt of Fire             Conj/Fire      ######....   4%          6    #####..
 Airstrike                Air            ####......   6%          4    None
 Spellforged Servitor     Conj/Summ      ######....   7%          7    ######.
 Animate Dead             Necr           N/A          9%          4    None
 Irradiate                Conj/Tmut      ####......   9%          5    ###....
 Excruciating Wounds      Chrm/Necr      ####......   11%         5    ###....
 Leda's Liquefaction      Hex/Erth       ###.......   12%         4    None
 Poison Arrow             Conj/Pois      #####.....   12%         6    #####..
 Summon Horrible Things   Summ           ######....   13%         8    #######
 Agony                    Necr           ###.....     26%         5    ###....
 Dispel Undead            Necr           ###.....     26%         5    ###....
 Orb of Destruction       Conj           ######....   28%         7    ######.
 Ice Form                 Ice/Tmut       ##......     32%         4    None
 Petrify                  Tmut/Erth      ##......     32%         4    None
 Metabolic Englaciation   Hex/Ice        ###.......   32%         5    ###....
 Yara's Violent Unravell  Hex/Tmut       ###.......   32%         5    ###....
 Haunt                    Necr/Summ      #####.....   34%         7    ######.
 Borgnjor's Vile Clutch   Necr/Erth      ###.......   43%         5    ###....
 Iron Shot                Conj/Erth      ####......   45%         6    #####..
 Ring of Flames           Chrm/Fire      #####.....   45%         7    ######.
 Darkness                 Hex            ####......   52%         6    #####..
 Freezing Cloud           Conj/Ice/Air   ####......   52%         6    #####..
 Invisibility             Hex            ####....     52%         6    #####..
 Blade Hands              Tmut           ##........   65%         5    ###....
 Lee's Rapid Deconstruct  Erth           ##........   65%         5    ###....
 Death Channel            Necr           ###.......   80%         6    #####..
 Controlled Blink         Tloc           N/A          82%         8    #######
 Disjunction              Tloc           ######....   82%         8    #######
 Ignition                 Fire           ######....   82%         8    #######
 Simulacrum               Ice/Necr       ###.......   94%         6    #####..
 Hydra Form               Tmut           ##........   99%         6    #####..
 Statue Form              Tmut/Erth      ##.......    99%         6    #####..
 Dragon Form              Tmut           ##........   100%        7    ######.
 Borgnjor's Revivificati  Necr           ###.......   100%        8    #######
 Chain Lightning          Conj/Air       #####.....   100%        8    #######
 Death's Door             Chrm/Necr      ####......   100%        8    #######
 Infestation              Necr           ###.......   100%        8    #######
 Lehudib's Crystal Spear  Conj/Erth      ####......   100%        8    #######
 Necromutation            Tmut/Necr      ###.......   100%        8    #######
 Fire Storm               Conj/Fire      ######....   100%        9    #######
 Glaciate                 Conj/Ice       ####......   100%        9    #######
 Shatter                  Erth           ##........   100%        9    #######
 Tornado                  Air            ####......   100%        9    #######
 Passage of Golubria      Tloc           Unusable     N/A         4    N/A

Dungeon Overview and Level Annotations

Branches:
Dungeon (15/15)            Temple (0/1) D:5            Lair (6/6) D:8
 Shoals (4/4) Lair:4       Spider (4/4) Lair:3        Slime (5/5) Lair:6
    Orc (2/2) D:11            Elf (3/3) Orc:2        Vaults (5/5) D:13
  Crypt (3/3) Vaults:3       Tomb (0/3) Crypt:3      Depths (5/5) D:15
    Zot (5/5) Depths:5

Altars:
Dithmenos
Kikubaaqudgha
Nemelex Xobeh
Okawaru
Qazlal
Trog
Uskayaw
Vehumet
Wu Jian
Xom
Beogh
Jiyva
Lugonu

Shops:
Orc:1 :?[?*   Orc:2 (=:*   Vaults:1 !   Vaults:2 =   Vaults:3 *(*   Depths:3 ?

Portals:
Hell: Depths:1 Depths:2 Depths:3 Depths:4 Depths:5
Abyss: Depths:1 Depths:4 Depths:5
Pandemonium: Depths:2 Depths:3
Ziggurat: Depths:4

Annotations:
D:5 (ghost with a lot of EV) + Menkaure
Lair:5 KIRKE, exclusion: downstairs
Depths:3 1 runed door


Innate Abilities, Weirdness & Mutations

You have sharp toenails.
You are partially covered in large bone plates. (SH +4)
You are clumsy. (Dex -2)
Armour fits poorly on your strangely shaped body.
You are dopey. (Int -2)
You are very frail. (-20% HP)
Your magical capacity is low. (-10% MP)
Your natural rate of healing is unusually fast.
Your spells are a little easier to cast, but a little less powerful.
You expend magic power (3 MP) to strengthen your wands.


Message History

The hellwing gives a chilling moan.
The hellwing swoops through the air toward you!
You block the hellwing's attack. x2
There is a stone staircase leading up here.
Cast which spell? (? or * to list)
The hellwing disappears!
You are starving!
You climb upwards.
There is a stone staircase leading down here.
You eat one of the 21 rations.
That ration really hit the spot!
(D) Dungeon (T) Temple (L) Lair (A) Shoals (N) Spider Nest (M) Slime Pits (O) Orcish Mines (E) Elven Halls (V) Vaults (C) Crypt (W) Tomb (U) Depths (H) Hell (Z) Zot
Where to? (* - list waypoints, Enter - D:1 @ (x,y), ? - help) Magic restored.
There is an escape hatch in the ceiling here.
A mysterious force pulls you upwards. The hatch slams shut behind you.
There is a staircase leading out of the dungeon here.
You have escaped!

#.# #.....≈≈≈≈.≈≈≈≈............
#.# #####.≈≈≈≈.≈≈≈≈.......##.##
#.# #####.≈≈≈≈.≈≈≈≈..........##
#.###.....≈≈≈≈.≈≈≈≈....#......#
#.........≈≈≈≈.≈≈≈≈....#.####.#
#####.##..≈≈≈≈.≈≈≈≈..#.#......#
#.##..P≈≈...≈≈P....#[⌠.#...
#.##...............)...#..#
#.##......@.......####.#..#
#......................#..#
#.###.P≈≈...≈≈P............
#.....≈≈≈≈.≈≈≈≈..#.##......
#####.≈≈≈≈.≈≈≈≈...........#
#.≈≈≈≈.≈≈≈≈..#.###.###.
#.≈≈≈≈.≈≈≈≈..#.# #.# #.
#.≈≈≈≈.≈≈≈≈..#.# #.# #.
#.≈≈≈≈.≈≈≈≈..#.# #.# #.


There were no monsters in sight!

Vanquished Creatures
  the Royal Jelly (Slime:5)
  2 orbs of fire (Zot:5)
  3 ancient liches
  A curse toe (Zot:5)
  Margery (Vaults:3)
  5 Killer Klowns (Zot:5)
  A caustic shrike (Depths:2)
  2 golden dragons
  2 bone dragons
  5 liches
  Jorgrun (Spider:3)
  4 tentacled monstrosities
  4 quicksilver dragons
  9 Orb Guardians
  5 titans
  2 deep elf blademasters (Elf:3)
  2 deep elf master archers (Elf:3)
  An ancient champion (Crypt:3)
  A kraken (Shoals:2)
  4 death cobs
  10 acid blobs
  An eldritch tentacle (WizLab)
  11 tentacled starspawn
  A draconian monk (Depths:5)
  2 shadow dragons (Vaults:5)
  A revenant (Crypt:3)
  11 azure jellies
  5 storm dragons
  7 tengu reavers
  13 frost giants
  2 deep elf sorcerers
  3 ghost moths (Spider:4)
  13 fire giants
  2 draconian knights
  3 iron dragons
  2 orc warlords
  12 vault wardens
  2 curse skulls
  7 ghouls
  A draconian shifter (WizLab)
  2 spriggan defenders (Depths:2)
  2 reapers
  2 emperor scorpions (Spider:4)
  2 angels
  2 deep elf elementalists (Elf:3)
  A war gargoyle (Vaults:5)
  21 very ugly things
  13 ironheart preservers
  23 stone giants
  11 deep elf demonologists
  2 green draconians
  5 entropy weavers
  7 vampire knights
  2 black draconians
  3 yellow draconians
  A dire elephant (shapeshifter) (Depths:1)
  15 spark wasps
  A white draconian (Depths:5)
  A deep elf annihilator (Elf:3)
  14 ettins
  A purple draconian (Zot:4)
  5 deep elf death magi
  15 jiangshi
  3 green deaths
  2 eidola (Crypt:2)
  10 merfolk impalers
  A merfolk javelineer (Shoals:4)
  9 death oozes (Slime:5)
  4 fire dragons
  15 yaktaur captains
  19 ogre magi
  4 deep elf high priests
  13 great orbs of eyes
  A quicksilver dragon skeleton (Crypt:2)
  9 ice dragons
  7 rakshasas
  6 spriggan air magi
  29 vault guards
  3 hydras
  4 alligator snapping turtles
  An alligator (Spider:1)
  2 merfolk avatars (Shoals:2)
  7 centaur warriors
  5 death knights
  A satyr (Shoals:4)
  29 dancing weapons
  5 death yaks (Lair:5)
  3 merfolk aquamancers
  43 two-headed ogres
  10 deep troll earth magi
  6 spriggan berserkers
  2 titan zombies
  4 tengu warriors
  3 hell hogs
  7 vampire magi
  6 deep troll shamans
  Nergalle (Orc:1)
  4 orc high priests (Orc:2)
  3 soul eaters
  18 deep elf knights
  16 thrashing horrors
  A titan skeleton (Crypt:2)
  Sonja (D:11)
  5 shadow wraiths
  13 wretched stars
  2 sixfirhies
  2 iron trolls
  35 skeletal warriors
  A deep troll (shapeshifter) (Vaults:4)
  A spriggan druid (Depths:4)
  7 flayed ghosts
  11 hell knights
  3 unseen horrors
  13 sea snakes
  9 wizards
  2 obsidian statues
  6 glowing orange brains
  14 deep trolls
  5 deep elf archers
  17 starcursed masses
  18 orc knights
  10 phantasmal warriors
  11 necromancers
  18 ironbrand convokers
  45 deep elf magi
  11 orc sorcerers
  5 harpies
  17 orb spiders
  34 wolf spiders
  23 ugly things
  2 shadow dragon skeletons (Crypt:2)
  2 frost giant zombies
  A stone giant zombie (D:15)
  8 fauns
  7 cyclopes
  10 manticores
  A frost giant skeleton (Crypt:2)
  6 worldbinders
  Maurice (D:12)
  12 merfolk sirens
  8 moths of wrath
  4 elephants (Lair:5)
  A centaur zombie (D:13)
  8 vault sentinels
  9 smoke demons
  3 fire giant skeletons (Crypt:2)
  2 black mambas
  A water nymph (shapeshifter) (Elf:2)
  A rust devil (Depths:2)
  4 water nymphs
  A hellion (Abyss:2)
  10 spiny frogs
  2 gargoyles
  A storm dragon simulacrum (Crypt:1)
  2 torpor snails
  An orange demon (Abyss:3)
  27 yaktaurs
  2 dire elephant skeletons
  3 rime drakes
  9 komodo dragons
  20 demonic crawlers
  An efreet (Abyss:1)
  A catoblepas skeleton (Crypt:2)
  A guardian mummy (Crypt:1)
  4 tengu conjurers
  12 freezing wraiths
  A red draconian skeleton (Crypt:2)
  9 ancient zymes
  A purple draconian skeleton (Crypt:1)
  A hellwing (WizLab)
  19 merfolk
  A queen bee (D:14)
  11 trolls
  28 jumping spiders
  2 meliai (shapeshifter)
  15 hornets
  7 polar bears
  3 meliai (D:14)
  53 slime creatures
  16 blink frogs
  2 bog bodies
  A queen ant zombie (Crypt:2)
  18 snapping turtles
  A spectral manticore (Crypt:3)
  10 hippogriffs
  10 wind drakes
  A harpy skeleton (Crypt:1)
  2 iron dragon simulacra
  A deep troll zombie (D:15)
  18 raiju
  A hornet (shapeshifter) (Depths:3)
  2 blink frogs (shapeshifter)
  A snapping turtle (shapeshifter) (Depths:5)
  4 air elementals
  10 dream sheep
  3 hippogriffs (shapeshifter)
  A hydra skeleton (Crypt:2)
  2 spriggan skeletons
  2 frost giant simulacra
  A fire giant simulacrum (Vaults:3)
  44 flying skulls
  An ice dragon skeleton (Crypt:2)
  82 redbacks
  A fire dragon skeleton (Crypt:2)
  27 tarantellas
  8 ynoxinuls
  3 shadows
  2 vampires
  12 spriggans
  A deep troll skeleton (D:15)
  11 water elementals
  A black mamba skeleton (Crypt:2)
  9 fire bats
  6 wraiths
  4 fire elementals
  36 yaks
  6 wyverns
  2 golden eyes
  A basilisk (Lair:3)
  6 chaos spawn
  A human (Abyss:3)
  3 neqoxecs
  4 hungry ghosts
  Menkaure (D:5)
  6 insubstantial wisps
  23 large abominations
  5 spatial vortices
  An infernal demonspawn zombie (Crypt:2)
  2 soldier ants
  15 water moccasins
  8 wargs
  2 acid dragons
  3 hell hounds
  A hydra simulacrum (Crypt:2)
  The ghost of MagicFarmer the Conjurer, an amateur DECj (D:5)
  2 floating eyes
  8 porcupines
  A porcupine (shapeshifter) (Vaults:2)
  A two-headed ogre skeleton (Crypt:2)
  5 black bears
  2 ice beasts
  54 orc warriors
  2 sky beasts
  A swamp dragon zombie (Abyss:1)
  2 ettin simulacra
  5 necrophages
  13 boggarts
  46 ogres
  30 wolves
  3 eyes of draining
  2 centaurs (D:12)
  A tengu (shapeshifter) (Vaults:5)
  2 wolves (shapeshifter)
  11 crocodiles
  4 snapping turtle skeletons
  A torpor snail zombie (Crypt:2)
  5 big kobolds
  A big kobold (shapeshifter) (Depths:3)
  21 bullfrogs
  A wyvern zombie (D:11)
  3 earth elementals
  A water moccasin skeleton (D:5)
  A wyvern skeleton (D:13)
  A raiju zombie (Crypt:1)
  5 scorpions
  38 killer bees
  A polar bear zombie (Crypt:1)
  An elf simulacrum (Vaults:3)
  29 wights
  A troll skeleton (Crypt:2)
  4 howler monkeys (D:7)
  2 vampire bats
  7 electric eels
  10 jellies
  4 lava snakes (Lab)
  11 crimson imps
  A bullfrog zombie (D:11)
  3 quasits
  5 hounds
  2 bullfrog skeletons
  5 centaur skeletons
  37 orc priests
  7 iron imps
  A basilisk skeleton (Crypt:2)
  21 small abominations
  3 iguanas
  33 orc wizards
  8 worker ants
  A hell rat (Depths:5)
  A hound skeleton (D:6)
  2 mummies (Crypt:1)
  16 adders
  3 river rats
  7 shadow imps
  A steam dragon skeleton (Crypt:2)
  6 white imps
  5 ufetubi
  15 oozes
  An adder skeleton (D:4)
  7 worms
  4 dart slugs
  2 leopard geckos
  157 orcs
  3 bat skeletons (D:4)
  4 bat zombies
  8 giant cockroaches
  11 goblins
  8 hobgoblins
  4 jackals (D:5)
  4 quokkas
  5 ball pythons
  A ball python skeleton (D:4)
  8 bats
  4 frilled lizards
  A giant cockroach zombie (Crypt:2)
  11 kobolds
  A leopard gecko zombie (D:6)
  A quokka zombie (D:7)
  14 rats
  A river rat skeleton (Crypt:2)
  A bush (Lair:6)
  5 butterflies
  A fungus (Lair:6)
  4 plants
  7 starspawn tentacles
  A tentacle (Shoals:2)
2561 creatures vanquished.

Vanquished Creatures (collateral kills)
  3 orbs of fire (Zot:5)
  3 juggernauts
  4 ancient liches
  Bai Suzhen (Crypt:2)
  A shard shrike (Depths:3)
  A Killer Klown (Zot:5)
  4 caustic shrikes
  2 bone dragons
  4 golden dragons
  A profane servitor (Crypt:3)
  5 tentacled monstrosities
  3 electric golems (Zot:5)
  4 liches
  A quicksilver dragon (Zot:2)
  8 acid blobs
  17 Orb Guardians (Zot:5)
  2 titans
  Polyphemus (Shoals:3)
  4 ancient champions
  2 sphinxes
  A tentacled starspawn (Abyss:2)
  5 storm dragons
  2 draconian monks (Zot:1)
  2 death cobs
  Kirke (Lair:6)
  A revenant (Crypt:1)
  2 tengu reavers (Vaults:5)
  7 shadow dragons
  Donald (Crypt:2)
  A fire giant (Depths:2)
  2 azure jellies
  5 vault wardens
  4 frost giants
  4 iron dragons
  3 draconian scorchers
  A draconian shifter (Zot:2)
  2 deep elf elementalists
  3 draconian annihilators
  A ghoul (Vaults:3)
  A reaper (Depths:2)
  2 ophanim
  3 ironheart preservers
  6 stone giants
  5 very ugly things
  2 yellow draconians (Zot:5)
  A deep elf demonologist (Vaults:5)
  3 green draconians
  4 black draconians
  2 white draconians
  An entropy weaver (Vaults:3)
  7 spark wasps
  A deep elf annihilator (Elf:3)
  A minotaur (Lab)
  A purple draconian (Depths:5)
  3 red draconians
  2 jiangshi
  4 deep elf death magi
  An eidolon (Crypt:2)
  3 ettins
  A death ooze (Slime:4)
  A merfolk impaler (Shoals:3)
  2 deep elf high priests (Vaults:5)
  A crystal guardian (Vaults:5)
  3 fire dragons
  A quicksilver dragon skeleton (Crypt:2)
  Erolcha (D:11)
  6 yaktaur captains
  A catoblepas (Shoals:3)
  Harold (D:11)
  2 rakshasas (Vaults:2)
  6 ice dragons
  A spriggan air mage (Depths:4)
  A naga warrior (Abyss:2)
  A centaur warrior (Depths:4)
  2 ogre magi
  A death knight (Crypt:1)
  A merfolk avatar (Shoals:1)
  6 two-headed ogres
  4 deep troll shamans
  A deep troll earth mage (Depths:4)
  A titan zombie (Vaults:5)
  An alligator (Shoals:2)
  2 hell hogs (Abyss:3)
  4 death yaks (Shoals:3)
  3 tengu warriors
  2 spriggan berserkers
  2 vampire magi
  2 hell knights (Depths:2)
  A deep elf knight (Vaults:3)
  2 soul eaters
  2 wretched stars (Abyss:3)
  17 skeletal warriors
  A shadow wraith (Depths:5)
  4 sixfirhies
  8 deep trolls
  A deep troll (shapeshifter) (Depths:3)
  An unseen horror (Depths:5)
  A flayed ghost (Crypt:3)
  2 glowing orange brains
  A swamp dragon (shapeshifter) (Vaults:1)
  3 ironbrand convokers
  2 phantasmal warriors
  3 orc knights
  2 starcursed masses (Abyss:3)
  12 ugly things
  A necromancer (Crypt:1)
  A mana viper (Abyss:1)
  2 deep elf archers
  A shadow dragon skeleton (Crypt:2)
  2 wolf spiders (Vaults:3)
  9 deep elf magi
  8 shining eyes
  A sphinx skeleton (Vaults:5)
  A salamander (Abyss:2)
  2 moths of wrath
  A worldbinder (Abyss:2)
  3 fauns
  A cyclops (Vaults:1)
  7 elephants
  A guardian serpent (shapeshifter) (Depths:3)
  2 apocalypse crabs (Abyss:1)
  2 eyes of devastation (Slime:5)
  A guardian serpent (Abyss:2)
  2 vault sentinels (Vaults:4)
  A catoblepas zombie (Crypt:1)
  A demonic crawler (Spider:4)
  12 yaktaurs
  3 tengu conjurers
  4 freezing wraiths
  An ice devil (WizLab)
  2 guardian mummies (Crypt:1)
  2 ancient zymes
  6 merfolk
  A wind drake (Shoals:1)
  A hydra skeleton (Crypt:2)
  A tyrant leech (shapeshifter) (Depths:2)
  3 hornets
  A harpy skeleton (Crypt:1)
  11 large abominations
  A dream sheep (Shoals:4)
  4 snapping turtles
  2 blink frogs
  14 slime creatures
  A snapping turtle (shapeshifter) (Abyss:2)
  3 raiju (Abyss:3)
  18 flying skulls
  3 tarantellas
  3 redbacks
  4 yaks
  2 spriggans
  An ice dragon skeleton (Crypt:2)
  2 ettin skeletons (Crypt:2)
  2 fire dragon skeletons
  3 wraiths
  A yak (shapeshifter) (Vaults:2)
  A golden eye (Abyss:1)
  2 hogs (Lair:6)
  5 hungry ghosts (Lab)
  5 chaos spawn
  A hog (shapeshifter) (Vaults:4)
  5 fire bats (Abyss:3)
  2 humans (shapeshifter)
  A red draconian simulacrum (Abyss:3)
  An elf skeleton (Vaults:5)
  3 vampire mosquitoes (Depths:5)
  A warg (Vaults:1)
  7 neqoxecs
  An insubstantial wisp (Depths:5)
  A spatial vortex (WizLab)
  3 nagas (Abyss:2)
  An orb spider zombie (Crypt:1)
  A hell hound (Abyss:1)
  2 orc warriors
  2 eyes of draining
  2 necrophages (Crypt:3)
  A phantom (Depths:5)
  A boggart (Vaults:1)
  6 ogres
  3 wolves
  2 snapping turtle skeletons
  A swamp dragon skeleton (Crypt:2)
  A small abomination (Crypt:3)
  A spriggan skeleton (Lab)
  2 quasits
  An orc wizard (Vaults:5)
  4 human skeletons (Crypt:1)
  A tengu skeleton (Crypt:2)
  2 mummies (Crypt:1)
  Robin (D:3)
  A white imp (Abyss:3)
  2 ufetubi
  2 oozes (Slime:3)
  A dart slug (shapeshifter) (Vaults:5)
  7 orcs
  A hobgoblin (D:3)
  2 goblins (D:3)
  2 kobold skeletons
  A plant (Lair:6)
  2 starspawn tentacles
553 creatures vanquished.

Vanquished Creatures (others)
  Rupert (D:14)
  18 eldritch tentacles
  A tengu reaver (Depths:1)
  An ironheart preserver (Vaults:1)
  3 stone giants
  A deep elf demonologist (Depths:3)
  A red draconian (Zot:5)
  A fire dragon (Abyss:3)
  2 yaktaur captains
  A tengu warrior (Depths:3)
  A thrashing horror (Abyss:3)
  A deep elf knight (Vaults:3)
  3 deep elf archers
  A deep elf mage (Elf:3)
  A moth of wrath (Zot:5)
  3 cyclopes
  2 fauns (Shoals:1)
  5 yaktaurs
  2 humans (Lair:6)
  A chaos spawn (Abyss:3)
  An orc warrior (Vaults:5)
  A white imp (Abyss:3)
  An ufetubus (Abyss:2)
  A goblin (D:3)
  A bush (Lair:6)
  12 fungi
  15 plants
  21 spectral weapons
  34 starspawn tentacles
  17 tentacles (Shoals:2)
  7 toadstools (D:5)
161 creatures vanquished.

Grand Total: 3275 creatures vanquished

Notes
Turn   | Place    | Note
-------+----------+-------------------------------------------
     0 | D:1      | VortexTurtle the Hill Orc Fire Elementalist began the quest
                  | for the Orb.
     0 | D:1      | Reached XP level 1. HP: 14/14 MP: 3/3
    82 | D:1      | Reached XP level 2. HP: 20/20 MP: 2/4
   936 | D:1      | Reached XP level 3. HP: 19/26 MP: 1/6
  1131 | D:1      | Learned a level 3 spell: Conjure Flame
  1418 | D:2      | Found a stormy altar of Qazlal.
  1660 | D:2      | Reached skill level 1 in Axes
  1891 | D:2      | Reached XP level 4. HP: 14/33 MP: 0/7
  2158 | D:2      | Found a sparkling altar of Nemelex Xobeh.
  2260 | D:2      | Became a worshipper of Nemelex Xobeh the Trickster
  2264 | D:2      | Received a gift from Nemelex Xobeh
  2555 | D:2      | Reached skill level 1 in Shields
  2732 | D:2      | Noticed a hand axe
  2732 | D:2      | Noticed a dagger
  2734 | D:2      | Found a hide-covered altar of Uskayaw.
  3753 | D:3      | Reached XP level 5. HP: 38/38 MP: 4/8
  3796 | D:3      | Reached skill level 1 in Invocations
  3942 | D:3      | Found an ornate altar of the Wu Jian Council.
  4103 | D:3      | Reached * piety under Nemelex Xobeh
  4168 | D:3      | Received a gift from Nemelex Xobeh
  4273 | D:3      | Noticed Robin
  4283 | D:3      | Killed Robin
  4572 | D:3      | Learned a level 4 spell: Sticky Flame
  5455 | D:3      | Reached XP level 6. HP: 37/45 MP: 1/9
  5600 | D:3      | Reached skill level 5 in Fire Magic
  5744 | D:4      | Reached skill level 2 in Invocations
  6251 | D:4      | Received a gift from Nemelex Xobeh
  6443 | D:4      | Found an ancient bone altar of Kikubaaqudgha.
  6446 | D:4      | Reached XP level 7. HP: 49/50 MP: 6/10
  6623 | D:5      | Entered Level 5 of the Dungeon
  6623 | D:5      | Found a shimmering altar of Xom.
  6644 | D:5      | Noticed Menkaure
  6734 | D:5      | Found a runed door.
  6738 | D:5      | Noticed MagicFarmer's ghost (amateur DECj)
  6760 | D:5      | Found a radiant altar of Vehumet.
  6780 | D:5      | Reached ** piety under Nemelex Xobeh
  6814 | D:5      | Found an iron altar of Okawaru.
  6975 | D:5      | Noticed a moth of wrath
  7181 | D:5      | Found a staircase to the Ecumenical Temple.
  7355 | D:5      | Reached skill level 3 in Invocations
  7640 | D:5      | Reached XP level 8. HP: 52/57 MP: 7/11
  7650 | D:5      | Reached skill level 5 in Conjurations
  7714 | D:5      | Received a gift from Nemelex Xobeh
  7714 | D:5      | Noticed a slime creature
  7714 | D:5      | Noticed a slime creature
  7714 | D:5      | Noticed a slime creature
  7740 | D:5      | Killed a slime creature
  7741 | D:5      | Killed a slime creature
  7741 | D:5      | Reached skill level 4 in Invocations
  7744 | D:5      | Killed a slime creature
  8170 | D:6      | Found a glowing drain.
  8203 | Sewer    | Entered a sewer
  8532 | Sewer    | Reached skill level 1 in Armour
  8616 | Sewer    | Found a glowing silver altar of Zin.
  8873 | D:6      | Reached skill level 5 in Invocations
  8928 | D:6      | Reached XP level 9. HP: 52/62 MP: 1/12
 10850 | D:7      | Received a gift from Nemelex Xobeh
 11265 | D:7      | Reached *** piety under Nemelex Xobeh
 11443 | D:7      | Reached skill level 6 in Invocations
 12618 | D:8      | Received a gift from Nemelex Xobeh
 12671 | D:7      | Reached skill level 5 in Armour
 12770 | D:8      | Reached skill level 1 in Fighting
 12770 | D:8      | Reached XP level 10. HP: 71/71 MP: 6/14
 12862 | D:8      | Found a shadowy altar of Dithmenos.
 13178 | D:8      | Received a gift from Nemelex Xobeh
 13180 | D:8      | Found a staircase to the Lair.
 13750 | D:9      | Reached **** piety under Nemelex Xobeh
 13842 | D:9      | Learned a level 5 spell: Fireball
 13980 | D:9      | Reached skill level 7 in Invocations
 14248 | D:9      | Received a gift from Nemelex Xobeh
 14403 | D:9      | Received a gift from Nemelex Xobeh
 14954 | D:9      | Reached skill level 10 in Fire Magic
 15329 | D:9      | Learned a level 3 spell: Spectral Weapon
 15507 | D:10     | Entered Level 10 of the Dungeon
 15526 | D:10     | Noticed a gargoyle
 15600 | D:10     | Killed a gargoyle
 15600 | D:10     | Reached skill level 1 in Hexes
 15600 | D:10     | Reached skill level 1 in Charms
 15884 | D:10     | Noticed a cyclops
 15892 | D:10     | Killed a cyclops
 15892 | D:10     | Reached skill level 8 in Invocations
 15892 | D:10     | Reached XP level 11. HP: 64/84 MP: 4/17
 16113 | D:10     | Received a gift from Nemelex Xobeh
 16685 | Lair:1   | Entered Level 1 of the Lair of Beasts
 16699 | Lair:1   | Found a labyrinth entrance.
 16738 | Lab      | Entered a labyrinth
 17033 | Lab      | Noticed a minotaur
 17055 | Lab      | Killed a minotaur
 17086 | Lab      | Got a jewelled rapier
 17086 | Lab      | Got dazzling quicksilver dragon scales
 17086 | Lab      | Got a jewelled chain mail
 17105 | Lair:1   | Identified the quicksilver dragon scales "Huusiam"
                  | {*Corrode rC+++ MR+ Str+3} (You found it in a labyrinth)
 17131 | Lair:1   | Identified the +8 chain mail of Royalty {rF+ MP-9 Str+4
                  | Int+4} (You found it in a labyrinth)
 17166 | D:8      | Identified the +2 rapier "Juopurag" {pierce, rElec SInv}
                  | (You found it in a labyrinth)
 17187 | Lair:1   | Learned a level 3 spell: Regeneration
 17498 | Lair:1   | Reached skill level 5 in Fighting
 17498 | Lair:1   | Reached skill level 1 in Necromancy
 18421 | Lair:2   | Reached skill level 9 in Invocations
 18760 | Lair:2   | Reached skill level 5 in Charms
 19094 | Lair:2   | Reached XP level 12. HP: 84/96 MP: 9/19
 19244 | Lair:2   | Reached ***** piety under Nemelex Xobeh
 19282 | Lair:2   | Received a gift from Nemelex Xobeh
 19929 | Lair:3   | Learned a level 1 spell: Flame Tongue
 20071 | Lair:3   | Received a gift from Nemelex Xobeh
 20103 | Lair:3   | Reached skill level 5 in Axes
 20508 | Lair:3   | Reached skill level 10 in Invocations
 20928 | Lair:3   | Found a hole to the Spider Nest.
 21473 | Lair:3   | Received a gift from Nemelex Xobeh
 22057 | Lair:4   | Received a gift from Nemelex Xobeh
 22311 | Lair:4   | Found a staircase to the Shoals.
 23574 | Lair:5   | Reached skill level 11 in Invocations
 23597 | Lair:5   | Reached XP level 13. HP: 98/108 MP: 21/21
 24202 | Lair:5   | Reached skill level 10 in Axes
 24669 | Lair:5   | Received a gift from Nemelex Xobeh
 24678 | Lair:5   | Identified 2 scrolls of acquirement
 24950 | Lair:6   | Entered Level 6 of the Lair of Beasts
 25656 | Lair:6   | Noticed Kirke
 25744 | Lair:6   | Learned a level 2 spell: Song of Slaying
 25803 | Lair:6   | Received a gift from Nemelex Xobeh
 25838 | Lair:6   | Reached skill level 5 in Spellcasting
 26034 | Lair:6   | Killed Kirke
 26188 | Lair:6   | Reached skill level 12 in Invocations
 26864 | Lair:6   | Noticed an ice dragon
 26864 | Lair:6   | a six-headed hydra changed into an ice dragon
 26865 | Lair:6   | an ice dragon changed into a komodo dragon
 26898 | Lair:6   | Reached XP level 14. HP: 116/119 MP: 14/23
 26962 | Lair:6   | Reached skill level 10 in Conjurations
 27025 | Lair:6   | Reached skill level 10 in Fighting
 27677 | Lair:6   | Received a gift from Nemelex Xobeh
 27896 | Lair:6   | Found a runed door.
 27896 | Lair:6   | Found a viscous altar of Jiyva.
 27897 | Lair:6   | Found a staircase to the Slime Pits.
 28280 | D:8      | Learned a level 2 spell: Poisonous Vapours
 28418 | D:5      | Killed MagicFarmer's ghost
 28584 | D:5      | Killed Menkaure
 28756 | D:5      | Found a bloodstained altar of Trog.
 29563 | D:11     | Received a gift from Nemelex Xobeh
 29718 | D:11     | Found a staircase to the Orcish Mines.
 29749 | D:11     | Reached skill level 1 in Poison Magic
 29952 | D:11     | Received a gift from Nemelex Xobeh
 29976 | D:11     | Gained mutation: You are partially covered in large bone
                  | plates. (SH +4) [potion of mutation]
 29976 | D:11     | Gained mutation: Your spells are a little harder to cast,
                  | but a little more powerful. [potion of mutation]
 29977 | D:11     | Gained mutation: You expend magic power (3 MP) to
                  | strengthen your wands. [potion of mutation]
 29977 | D:11     | Gained mutation: You have supernaturally acute eyesight.
                  | (SInv) [potion of mutation]
 30013 | D:11     | Noticed Harold
 30024 | D:11     | Killed Harold
 30024 | D:11     | Reached skill level 1 in Air Magic
 30038 | D:11     | Noticed Erolcha
 30049 | D:11     | Killed Erolcha
 30186 | D:11     | Noticed Sonja
 30188 | D:11     | Killed Sonja
 30696 | D:12     | Received a gift from Nemelex Xobeh
 31240 | D:12     | Noticed Maurice
 31284 | D:12     | Killed Maurice
 31621 | D:12     | Received a gift from Nemelex Xobeh
 31853 | D:13     | Found a flickering gateway to a bazaar.
 31883 | Bazaar   | Entered a bazaar
 31883 | Bazaar   | Found Seapneyr's Gadget Boutique.
 31883 | Bazaar   | Found Agapnuv's Gadget Shop.
 31883 | Bazaar   | Found Gaguagac's Magic Scroll Shop.
 31883 | Bazaar   | Found Jeadoc's General Store.
 31907 | Bazaar   | Bought a wand of digging (15) for 532 gold pieces
 31909 | Bazaar   | Bought a scroll of blinking for 67 gold pieces
 31909 | Bazaar   | Bought a scroll of blinking for 67 gold pieces
 31911 | Bazaar   | Bought a scroll of blinking for 82 gold pieces
 31911 | Bazaar   | Bought a potion of heal wounds for 55 gold pieces
 31911 | Bazaar   | Bought a scroll of magic mapping for 38 gold pieces
 31913 | Bazaar   | Bought a scroll of acquirement for 468 gold pieces
 31915 | Bazaar   | Bought 2 potions of mutation for 176 gold pieces
 31917 | Bazaar   | Bought a scroll of identify for 18 gold pieces
 31945 | D:13     | Lost mutation: You expend magic power (3 MP) to strengthen
                  | your wands. [potion of mutation]
 31945 | D:13     | Lost mutation: Your spells are a little harder to cast, but
                  | a little more powerful. [potion of mutation]
 31945 | D:13     | Lost mutation: You have supernaturally acute eyesight.
                  | (SInv) [potion of mutation]
 31945 | D:13     | Gained mutation: Your natural rate of healing is unusually
                  | fast. [potion of mutation]
 31945 | D:13     | Gained mutation: Armour fits poorly on your strangely
                  | shaped body. [potion of mutation]
 31945 | D:13     | Gained mutation: Your skin changes colour to match your
                  | surroundings (Stealth+). [potion of mutation]
 31946 | D:13     | Lost mutation: Armour fits poorly on your strangely shaped
                  | body. [potion of mutation]
 31946 | D:13     | Lost mutation: Your skin changes colour to match your
                  | surroundings (Stealth+). [potion of mutation]
 31946 | D:13     | Gained mutation: Your spells are a little easier to cast,
                  | but a little less powerful. [potion of mutation]
 31946 | D:13     | Gained mutation: You expend magic power (3 MP) to
                  | strengthen your wands. [potion of mutation]
 31946 | D:13     | Gained mutation: You have sharp toenails. [potion of
                  | mutation]
 32294 | D:13     | Reached ****** piety under Nemelex Xobeh
 32295 | D:13     | Found a gate to the Vaults.
 33131 | D:13     | Reached skill level 13 in Invocations
 33169 | D:13     | Received a gift from Nemelex Xobeh
 33577 | D:14     | Received a gift from Nemelex Xobeh
 33618 | D:14     | Noticed Rupert
 33647 | D:14     | Killed Rupert
 34700 | D:14     | Got a faintly humming leather armour
 34701 | D:14     | Identified the cursed +0 leather armour "Biextoceu" {rC+
                  | Regen+ Int-2 Dex+5} (You found it on level 14 of the
                  | Dungeon)
 34944 | D:14     | Received a gift from Nemelex Xobeh
 35477 | Orc:1    | Entered Level 1 of the Orcish Mines
 35485 | Orc:1    | Reached XP level 15. HP: 124/128 MP: 17/24
 35619 | Orc:1    | Found Fujottan's Magic Scroll Boutique.
 35628 | Orc:1    | Bought a scroll of identify for 32 gold pieces
 35628 | Orc:1    | Bought a scroll of identify for 32 gold pieces
 35628 | Orc:1    | Bought a scroll of identify for 32 gold pieces
 35816 | Orc:1    | Noticed an orc warlord
 35988 | D:11     | Killed an orc warlord
 36227 | Orc:1    | Noticed Nergalle
 36237 | Orc:1    | Killed Nergalle
 36277 | Orc:1    | Found Jiudile's Magic Scroll Shoppe.
 36283 | Orc:1    | Bought a scroll of fear for 45 gold pieces
 36310 | Orc:1    | Found Vyutes's Book Boutique.
 36372 | Orc:2    | Entered Level 2 of the Orcish Mines
 36375 | Orc:2    | Reached skill level 5 in Poison Magic
 36834 | Orc:1    | Found Ruchi's Assorted Antiques.
 36920 | Orc:1    | Received a gift from Nemelex Xobeh
 37412 | Orc:1    | Found Cihasets's Armour Shoppe.
 38123 | Orc:2    | Found a roughly hewn altar of Beogh.
 38308 | Orc:2    | Found Ymivepo's General Store.
 38319 | Orc:2    | Found Vinues Rouh's Book Shop.
 39173 | Orc:2    | Found a staircase to the Elven Halls.
 39538 | Orc:2    | Noticed an orc warlord
 39554 | Orc:2    | Killed an orc warlord
 40090 | Orc:2    | Found a roughly hewn altar of Beogh.
 40204 | Orc:2    | Found Meaxku's Weapon Shop.
 40458 | Orc:2    | Found Onaukhluo's Jewellery Shoppe.
 40605 | Orc:2    | Bought an uncursed ring of protection from magic for 400
                  | gold pieces
 40768 | Orc:1    | Bought a scroll of silence for 97 gold pieces
 41520 | D:15     | Entered Level 15 of the Dungeon
 41749 | D:15     | Found a staircase to the Depths.
 42743 | D:15     | Received a gift from Nemelex Xobeh
 42902 | D:15     | Reached XP level 16. HP: 139/139 MP: 5/26
 43169 | D:15     | Reached skill level 14 in Invocations
 43679 | D:15     | Received a gift from Nemelex Xobeh
 44249 | Orc:1    | Bought a dented pearl amulet for 150 gold pieces
 44559 | Spider:1 | Entered Level 1 of the Spider Nest
 45115 | Spider:1 | Received a gift from Nemelex Xobeh
 45292 | Spider:1 | Learned a level 3 spell: Mephitic Cloud
 46262 | Spider:1 | Got a jewelled ring mail
 46263 | Spider:1 | Identified the +6 ring mail of the Valley {rC+ Dex+5} (You
                  | found it on level 1 of the Spider Nest)
 46274 | Spider:1 | Received a gift from Nemelex Xobeh
 47489 | Spider:2 | Learned a level 1 spell: Apportation
 47653 | Spider:2 | Reached skill level 1 in Translocations
 48123 | Spider:2 | Learned a level 2 spell: Blink
 48137 | Spider:2 | Received a gift from Nemelex Xobeh
 48330 | Spider:2 | Reached skill level 15 in Axes
 48820 | Orc:2    | Bought a +0 helmet for 63 gold pieces
 51242 | Spider:3 | Reached XP level 17. HP: 143/148 MP: 9/28
 51318 | Spider:3 | Received a gift from Nemelex Xobeh
 51608 | Spider:3 | Noticed Jorgrun
 51622 | Spider:3 | Killed Jorgrun
 51909 | Spider:4 | Entered Level 4 of the Spider Nest
 52553 | Spider:4 | Reached skill level 15 in Invocations
 52878 | Spider:4 | Reached skill level 10 in Armour
 54895 | Spider:4 | Received a gift from Nemelex Xobeh
 55113 | Spider:4 | Got a gossamer rune of Zot
 55283 | Shoals:1 | Entered Level 1 of the Shoals
 55671 | Shoals:1 | Received a gift from Nemelex Xobeh
 57182 | Shoals:2 | Received a gift from Nemelex Xobeh
 57518 | Orc:2    | Bought a +0 broad axe of freezing for 138 gold pieces
 58309 | Elf:1    | Entered Level 1 of the Elven Halls
 58328 | Elf:1    | Noticed an Ice Fiend
 58497 | Elf:1    | Reached XP level 18. HP: 156/158 MP: 23/29
 58941 | Elf:1    | Identified Haekk's Reference Book on the Entourage
 58945 | Elf:1    | Learned a level 1 spell: Summon Butterflies
 59203 | Elf:1    | Reached skill level 1 in Summonings
 59792 | Elf:1    | Received a gift from Nemelex Xobeh
 60284 | Elf:2    | Reached skill level 16 in Invocations
 60295 | Elf:2    | Found a runed gate.
 60295 | Elf:2    | Found a runed gate.
 60295 | Elf:2    | Found a runed gate.
 60639 | Elf:2    | Found a portal to a secret trove of treasure.
 60640 | Elf:2    | Received a gift from Nemelex Xobeh
 60804 | Orc:1    | Bought 3 scrolls of enchant weapon for 292 gold pieces
 61611 | Elf:2    | Received a gift from Nemelex Xobeh
 62078 | Elf:3    | Entered Level 3 of the Elven Halls
 63168 | Elf:3    | Received a gift from Nemelex Xobeh
 63720 | Elf:3    | Got a warped jade ring
 63721 | Elf:3    | Identified the ring of Iricrim {AC+2 Str+2 Int+3 Slay+3}
                  | (You took it off a deep elf mage on level 3 of the Elven
                  | Halls)
 63753 | Elf:3    | Identified the cursed +0 battleaxe of Erphoetre {chop,
                  | rElec rN+ Dex+4} (You took it off a deep elf mage on level
                  | 3 of the Elven Halls)
 63765 | Elf:3    | Noticed a deep elf master archer
 63995 | Elf:3    | Noticed an Ice Fiend
 64171 | Elf:3    | Killed a deep elf master archer
 64171 | Elf:3    | Reached skill level 17 in Invocations
 64171 | Elf:3    | Reached XP level 19. HP: 169/169 MP: 26/31
 64187 | Elf:3    | Reached skill level 15 in Fighting
 64401 | Elf:3    | Noticed a Brimstone Fiend
 64528 | Elf:3    | Got a shimmering buckler
 64531 | Elf:3    | Identified the +3 buckler of Greed {*Drain Str-4 Dex+10
                  | Slay+2} (You took it off a deep elf high priest on level 3
                  | of the Elven Halls)
 64800 | Elf:3    | Got a pitted amber ring
 64801 | Elf:3    | Identified the ring of Qaptiqu {+Fly Dex+5} (You took it
                  | off a deep elf master archer on level 3 of the Elven Halls)
 64972 | Elf:3    | Got a slimy amethyst amulet
 64973 | Elf:3    | Identified the amulet "Ylasit" {Inacc Dex+3} (You found it
                  | on level 3 of the Elven Halls)
 65183 | Orc:1    | Bought a scroll of identify for 26 gold pieces
 65183 | Orc:1    | Bought a scroll of identify for 26 gold pieces
 65183 | Orc:1    | Bought a scroll of identify for 26 gold pieces
 65183 | Orc:1    | Bought a scroll of identify for 26 gold pieces
 65222 | Orc:1    | Bought a scroll of identify for 60 gold pieces
 65396 | Elf:3    | Got a heavily jewelled robe
 65400 | Elf:3    | Identified the +0 robe of the Sunfish {+Fly rF+ MR+} (You
                  | took it off a deep elf death mage on level 3 of the Elven
                  | Halls)
 65408 | Elf:3    | Got a brightly glowing plate armour
 65410 | Elf:3    | Identified the +9 plate armour of Puoguiss {rCorr SInv}
                  | (You took it off a deep elf high priest on level 3 of the
                  | Elven Halls)
 65842 | Lair:4   | Got a scorched scale mail
 65843 | Lair:4   | Identified the +6 scale mail of Happy Babbling {*Slow rPois
                  | rN++ rCorr} (You found it on level 4 of the Lair of Beasts)
 66118 | Orc:1    | Bought a brightly glowing leather armour for 210 gold
                  | pieces
 66118 | Orc:1    | Identified the +2 leather armour of the Dice {rElec rN+
                  | Str+4} (You bought it in a shop on level 1 of the Orcish
                  | Mines)
 66327 | Elf:3    | Learned a level 4 spell: Summon Lightning Spire
 66375 | Elf:3    | Got a warped battleaxe
 66376 | Elf:3    | Identified the cursed +1 battleaxe of Royalism {venom,
                  | rN++} (You found it on level 3 of the Elven Halls)
 67395 | Shoals:2 | Received a gift from Nemelex Xobeh
 68097 | Shoals:2 | Reached skill level 5 in Summonings
 68813 | Shoals:3 | Received a gift from Nemelex Xobeh
 69491 | Shoals:3 | Noticed Polyphemus
 69507 | Shoals:3 | Killed Polyphemus
 70500 | Lair:3   | Learned a level 5 spell: Aura of Abjuration
 70642 | Shoals:4 | Entered Level 4 of the Shoals
 70742 | Shoals:4 | Reached skill level 18 in Invocations
 71609 | Shoals:4 | Identified the cursed -1 helmet of Lethargy {Dex+3} (You
                  | found it on level 4 of the Shoals)
 71659 | Shoals:4 | Received a gift from Nemelex Xobeh
 72162 | Shoals:4 | Received a gift from Nemelex Xobeh
 72320 | Shoals:4 | Got a barnacled rune of Zot
 73101 | Depths:1 | Entered Level 1 of the Depths
 73212 | Depths:1 | Received a gift from Nemelex Xobeh
 73272 | Depths:1 | Found a gateway to Hell.
 73300 | Depths:1 | Found a huge runed gate.
 73300 | Depths:1 | Found a huge runed gate.
 73300 | Depths:1 | Found a huge runed gate.
 73300 | Depths:1 | Found a huge runed gate.
 73301 | Depths:1 | Found a huge runed gate.
 73302 | Depths:1 | Found a huge runed gate.
 73303 | Depths:1 | Found a huge runed gate.
 73304 | Depths:1 | Found a huge runed gate.
 73312 | Depths:1 | Found a huge runed gate.
 73312 | Depths:1 | Found a huge runed gate.
 73312 | Depths:1 | Found a huge runed gate.
 73313 | Depths:1 | Found a huge runed gate.
 73314 | Depths:1 | Found a huge runed gate.
 73348 | Depths:1 | Reached XP level 20. HP: 137/181 MP: 26/33
 73576 | Depths:1 | Received a gift from Nemelex Xobeh
 73741 | Depths:1 | Found a huge runed gate.
 73741 | Depths:1 | Found a huge runed gate.
 73741 | Depths:1 | Found a huge runed gate.
 73744 | Depths:1 | Found a huge runed gate.
 73746 | Depths:1 | Found a huge runed gate.
 73746 | Depths:1 | Found a huge runed gate.
 73753 | Depths:1 | Found a huge runed gate.
 73760 | Depths:1 | Found a huge runed gate.
 73760 | Depths:1 | Found a huge runed gate.
 73761 | Depths:1 | Found a huge runed gate.
 73900 | Depths:1 | Found a huge runed gate.
 73900 | Depths:1 | Found a huge runed gate.
 73988 | Depths:1 | Found a huge runed gate.
 73993 | Depths:1 | Found a huge runed gate.
 73994 | Depths:1 | Found a huge runed gate.
 73996 | Depths:1 | Found a huge runed gate.
 73997 | Depths:1 | Found a huge runed gate.
 73998 | Depths:1 | Found a huge runed gate.
 73998 | Depths:1 | Found a huge runed gate.
 73998 | Depths:1 | Found a huge runed gate.
 74069 | Depths:1 | Received a gift from Nemelex Xobeh
 74392 | Depths:1 | Found a one-way gate to the infinite horrors of the Abyss.
 75170 | Orc:2    | Bought an uncursed ring of protection from magic for 400
                  | gold pieces
 76665 | Depths:2 | Found a one-way gate leading to the halls of Pandemonium.
 76910 | Depths:2 | Received a gift from Nemelex Xobeh
 77148 | Depths:2 | Learned a level 6 spell: Shadow Creatures
 77341 | Depths:2 | Paralysed by a floating eye for 4 turns
 77456 | Depths:2 | Noticed a caustic shrike
 77466 | Depths:2 | Killed a caustic shrike
 77466 | Depths:2 | Reached skill level 10 in Summonings
 78218 | Depths:2 | Noticed a golden dragon
 78231 | Depths:2 | Killed a golden dragon
 78595 | Depths:2 | Noticed a caustic shrike
 78613 | Depths:2 | Killed a caustic shrike
 78698 | Depths:2 | Got a pitted executioner's axe {freeze}
 78703 | Depths:2 | Identified the cursed +1 executioner's axe of Dyeniot
                  | {freeze, Int+4} (You took it off a yaktaur on level 2 of
                  | the Depths)
 78930 | Depths:2 | Received a gift from Nemelex Xobeh
 79358 | Depths:3 | Reached XP level 21. HP: 143/189 MP: 3/34
 79923 | Depths:2 | Found a one-way gate leading to the halls of Pandemonium.
 80427 | Depths:3 | Noticed a caustic shrike
 80537 | Depths:2 | Killed a caustic shrike
 80775 | Depths:3 | Found Rasya's Magic Scroll Shop.
 81042 | Depths:3 | Noticed a juggernaut
 81185 | Depths:3 | Noticed a shard shrike
 81185 | Depths:3 | a juggernaut changed into a shard shrike
 81185 | Depths:3 | Noticed a caustic shrike
 81185 | Depths:3 | an iron dragon changed into a caustic shrike
 81306 | Depths:2 | Killed a caustic shrike
 81507 | Depths:3 | Killed a shard shrike
 81620 | Depths:3 | Noticed a juggernaut
 81649 | Depths:2 | Killed a juggernaut
 82182 | Depths:3 | Received a gift from Nemelex Xobeh
 82220 | Depths:3 | Noticed a juggernaut
 82266 | Depths:3 | Killed a juggernaut
 82922 | Depths:3 | Found a runed door.
 83461 | Depths:3 | Noticed a juggernaut
 83478 | Depths:3 | Killed a juggernaut
 83691 | Depths:3 | Learned a level 4 spell: Passage of Golubria
 83772 | Depths:3 | Bought a scroll of enchant weapon for 157 gold pieces
 83772 | Depths:3 | Bought a scroll of blinking for 157 gold pieces
 83772 | Depths:3 | Bought a scroll of blinking for 157 gold pieces
 83774 | Depths:3 | Bought a scroll of enchant armour for 157 gold pieces
 84301 | Depths:4 | Received a gift from Nemelex Xobeh
 84933 | Depths:4 | Reached XP level 22. HP: 78/196 MP: 10/35
 85103 | Depths:4 | Received a gift from Nemelex Xobeh
 85286 | Depths:4 | Reached skill level 10 in Spellcasting
 85339 | Depths:4 | Found a gateway to a ziggurat.
 85367 | Depths:4 | Found a corrupted altar of Lugonu.
 85656 | Depths:4 | Reached skill level 19 in Invocations
 85793 | Depths:4 | Reached skill level 5 in Translocations
 88402 | Depths:5 | Entered Level 5 of the Depths
 88644 | Depths:5 | Found a magical portal.
 88650 | WizLab   | Entered The Roulette of Golubria
 88650 | WizLab   | Found a transporter.
 88665 | WizLab   | Found a corrupted altar of Lugonu.
 88726 | WizLab   | Received a gift from Nemelex Xobeh
 88743 | WizLab   | Found a transporter.
 88796 | WizLab   | Found a transporter.
 88834 | WizLab   | Found a transporter.
 88975 | WizLab   | Found a transporter.
 89167 | WizLab   | Found a transporter.
 89167 | WizLab   | Found a transporter.
 89206 | WizLab   | Found a transporter.
 89222 | WizLab   | Found a transporter.
 89285 | WizLab   | Found a transporter.
 89309 | WizLab   | Found a corrupted altar of Lugonu.
 89356 | WizLab   | Found a transporter.
 89683 | WizLab   | Found a transporter.
 89683 | WizLab   | Found a transporter.
 89811 | WizLab   | Found a transporter.
 89813 | WizLab   | Found a transporter.
 89840 | WizLab   | Identified Golubria's Almanac of the Traveller
 89857 | WizLab   | Got a translucent hand axe
 89858 | WizLab   | Identified the cursed +2 hand axe "Nuarint" {freeze, rElec
                  | rC- rN++ Dex-4} (You found it in a wizard's laboratory)
 89892 | WizLab   | Got a translucent cloak
 89893 | WizLab   | Identified the +1 cloak of Qiniwuc {+Inv MR+ Str-2 Stlth+}
                  | (You found it in a wizard's laboratory)
 89909 | WizLab   | Got an ancient cloak
 89910 | WizLab   | Identified the cursed -3 cloak of the Moon {rC- MR+ Regen+}
                  | (You found it in a wizard's laboratory)
 90044 | WizLab   | Found a transporter.
 90044 | WizLab   | Found a transporter.
 90053 | WizLab   | Cast into level 2 of the Abyss (wizard)
 90083 | WizLab   | Escaped the Abyss
 90220 | WizLab   | Found a transporter.
 90220 | WizLab   | Found a transporter.
 90226 | WizLab   | Received a gift from Nemelex Xobeh
 90414 | WizLab   | Found a transporter.
 90962 | Depths:5 | Found a runed gate.
 90962 | Depths:5 | Found a runed gate.
 90962 | Depths:5 | Found a runed gate.
 91294 | Depths:5 | Reached XP level 23. HP: 205/205 MP: 8/38
 91645 | Depths:5 | Received a gift from Nemelex Xobeh
 91799 | Depths:5 | Reached skill level 15 in Armour
 91977 | Depths:5 | Noticed a golden dragon
 92138 | Depths:5 | Killed a golden dragon
 92386 | Depths:5 | Found a gate to the Realm of Zot.
 92906 | Depths:5 | Got an ichor-stained battleaxe
 92908 | Depths:5 | Identified the +12 battleaxe of Wrath {pain, *Rage rPois
                  | Dex+4} (You found it on level 5 of the Depths)
 94868 | Depths:1 | Noticed a caustic shrike
 94906 | Depths:1 | Killed a caustic shrike
 94997 | Depths:1 | Learned a level 5 spell: Summon Mana Viper
 96784 | Orc:2    | Bought a scroll of enchant armour for 105 gold pieces
 96784 | Orc:2    | Bought a potion of cancellation for 112 gold pieces
 96784 | Orc:2    | Bought a potion of heal wounds for 70 gold pieces
 97443 | Elf:2    | You paid a toll of +2 fire dragon scales to enter a
                  | treasure trove
 97444 | Trove    | Entered a treasure trove
 97447 | Trove    | Found the +8 Wrath of Trog {antimagic, *Rage}
 97455 | Trove    | Got a slimy executioner's axe
 97472 | Trove    | Got a warped arbalest
 97485 | Trove    | Got a scorched executioner's axe
 97488 | Trove    | Got a crystal battleaxe
 97492 | Trove    | Identified the +0 battleaxe of Nacwoi Muwk {chop, rC+} (You
                  | found it in a treasure trove)
 97493 | Trove    | Identified the +11 executioner's axe "Ibisch" {chop, +Fly}
                  | (You found it in a treasure trove)
 97494 | Trove    | Identified the +5 executioner's axe of the First People
                  | {pain, Dex+8} (You found it in a treasure trove)
 97495 | Trove    | Identified the cursed +0 arbalest of Charity {elec, +Blink
                  | rC+} (You found it in a treasure trove)
 97544 | Trove    | Got a twisted quarterstaff
 97545 | Trove    | Identified the +3 quarterstaff of an ossuary {elec, +Inv
                  | Dex+2} (You found it in a treasure trove)
 98922 | Vaults:1 | Entered Level 1 of the Vaults
 99367 | Vaults:1 | Received a gift from Nemelex Xobeh
 99607 | Vaults:1 | Reached skill level 5 in Hexes
 99696 | Vaults:1 | Found Belefre's Distillery.
 99720 | Vaults:1 | Bought a potion of heal wounds for 100 gold pieces
 99839 | Vaults:1 | Reached skill level 15 in Summonings
101759 | Vaults:2 | Received a gift from Nemelex Xobeh
102138 | Vaults:2 | Reached skill level 20 in Invocations
102381 | Vaults:2 | Received a gift from Nemelex Xobeh
102526 | Vaults:2 | Reached skill level 5 in Dodging
102620 | Vaults:2 | Found Suonuare's Jewellery Emporium.
103091 | Vaults:3 | Received a gift from Nemelex Xobeh
103567 | Vaults:3 | Found Misyucso's General Store.
103580 | Vaults:3 | Found Joroonekk's Antique Weapon Emporium.
103607 | Vaults:3 | Reached XP level 24. HP: 211/214 MP: 30/38
104087 | D:10     | Learned a level 4 spell: Olgreb's Toxic Radiance
105079 | Vaults:3 | Received a gift from Nemelex Xobeh
105646 | Vaults:3 | Noticed Margery
105668 | Vaults:3 | Killed Margery
106039 | Vaults:3 | Found a staircase to the Crypt.
106341 | Vaults:3 | Found Aloess's General Store.
106349 | Vaults:3 | Received a gift from Nemelex Xobeh
106831 | Vaults:4 | Reached skill level 21 in Invocations
107311 | Vaults:4 | Identified the Guide on Dislocation and Snow
107967 | Vaults:4 | Received a gift from Nemelex Xobeh
109288 | Crypt:1  | Entered Level 1 of the Crypt
109304 | Crypt:1  | Received a gift from Nemelex Xobeh
109597 | Crypt:1  | Reached XP level 25. HP: 228/228 MP: 17/39
110194 | Crypt:1  | Received a gift from Nemelex Xobeh
110265 | Crypt:1  | Got an ancient robe
110266 | Crypt:1  | Identified the +1 robe "Nohujuab" {*Corrode Dex+10} (You
                  | took it off a vampire mage on level 1 of the Crypt)
112243 | Crypt:2  | Noticed Donald
112261 | Crypt:2  | Killed Donald
112360 | Crypt:2  | Reached skill level 22 in Invocations
112554 | Crypt:2  | Got a pair of jewelled boots
112555 | Crypt:2  | Identified the cursed +0 pair of boots of the Flute {-Tele
                  | Slay+5} (You found it on level 2 of the Crypt)
112681 | Crypt:2  | Reached skill level 5 in Shields
112689 | Crypt:2  | Noticed Bai Suzhen
112712 | Crypt:2  | Killed Bai Suzhen
113494 | Crypt:3  | Entered Level 3 of the Crypt
114577 | Crypt:3  | Found an ancient bone altar of Kikubaaqudgha.
115272 | Crypt:3  | Got a bone dire flail
115300 | Crypt:3  | Identified the cursed +1 dire flail "Murmur" {freeze, +Inv
                  | rC- Str+4 Dex+4} (You found it on level 3 of the Crypt)
115326 | Crypt:3  | Received a gift from Nemelex Xobeh
116397 | Crypt:3  | Identified Xeurph's Catalogue of Stolen Souls
116760 | Crypt:3  | Found a staircase to the Tomb.
116775 | Crypt:3  | Got a sparkling silver ring
116776 | Crypt:3  | Identified the ring of Mefikyp {Ice rPois MR+ Dex+6 Stlth-}
                  | (You found it on level 3 of the Crypt)
117685 | Vaults:5 | Entered Level 5 of the Vaults
117691 | Vaults:5 | Reached XP level 26. HP: 188/237 MP: 36/39
117692 | Vaults:5 | Reached skill level 10 in Shields
117910 | Vaults:4 | Learned a level 7 spell: Summon Greater Demon
117939 | Vaults:5 | Noticed an ancient lich
118123 | Vaults:4 | Killed an ancient lich
119379 | Vaults:5 | Noticed an ancient lich
119776 | Vaults:4 | Killed an ancient lich
121222 | Vaults:5 | Got a fine pewter ring
121223 | Vaults:5 | Identified the ring of Entrepreneurial Spirit {+Blink
                  | rPois} (You took it off an orc knight on level 5 of the
                  | Vaults)
121293 | Vaults:5 | Got a steaming lapis lazuli ring
121294 | Vaults:5 | Identified the ring of Feos {+Inv +Fly Stlth+} (You found
                  | it on level 5 of the Vaults)
121312 | Vaults:5 | Identified the Almanac of Attacks and Shape Shifting
121523 | Vaults:5 | Reached skill level 1 in Evocations
121827 | Vaults:5 | Received a gift from Nemelex Xobeh
122276 | Vaults:5 | Identified the Almanac of the Hidden Vale
122285 | Vaults:5 | Got an ancient ring mail
122286 | Vaults:5 | Identified the cursed +0 ring mail of Joy {rC- rCorr Str-5
                  | SInv} (You found it on level 5 of the Vaults)
122693 | Vaults:5 | Got a silver rune of Zot
123207 | Slime:1  | Entered Level 1 of the Pits of Slime
123448 | Slime:1  | Received a gift from Nemelex Xobeh
123563 | Slime:1  | Reached XP level 27. HP: 242/244 MP: 10/39
124373 | Slime:4  | Received a gift from Nemelex Xobeh
124393 | Slime:5  | Entered Level 5 of the Pits of Slime
124440 | Slime:5  | Reached skill level 5 in Evocations
124815 | Slime:5  | Gained mutation: You possess an exceptional clarity of
                  | mind. [a shining eye]
124818 | Slime:5  | Gained mutation: You are dopey. (Int -2) [a shining eye]
125032 | Slime:5  | Received a gift from Nemelex Xobeh
125204 | Slime:5  | Found a viscous altar of Jiyva.
125204 | Slime:5  | Noticed the Royal Jelly
125205 | Slime:5  | Found the +9 heavy crossbow "Sniper" {velocity, Acc+∞ SInv}
125719 | Slime:5  | Killed the Royal Jelly
125943 | Slime:5  | Found the ring of the Mage {Wiz MR++ Int+3}
125968 | Slime:5  | Got a pitted war axe
125969 | Slime:5  | Identified the +7 war axe "Cyx Pategye" {drain, Fragile rC+
                  | Int+5} (You found it on level 5 of the Pits of Slime)
126002 | Slime:5  | Got a slimy rune of Zot
126046 | Slime:5  | Identified the +4 hand crossbow of the Manifold Seas
                  | {velocity, *Slow rPois rN+} (You found it on level 5 of the
                  | Pits of Slime)
128839 | Depths:1 | Voluntarily entered the Abyss.
129076 | Abyss:1  | Received a gift from Nemelex Xobeh
129320 | Abyss:1  | Reached skill level 15 in Shields
129487 | Abyss:1  | Received a gift from Nemelex Xobeh
129715 | Abyss:1  | Received a gift from Nemelex Xobeh
129813 | Abyss:1  | Found a corrupted altar of Lugonu.
129899 | Abyss:1  | Paralysed by you for 2 turns
130191 | Abyss:2  | Received a gift from Nemelex Xobeh
130610 | Abyss:3  | Found a corrupted altar of Lugonu.
130933 | Abyss:3  | Received a gift from Nemelex Xobeh
131150 | Abyss:3  | Reached skill level 10 in Evocations
131260 | Abyss:3  | Gained mutation: Scrolls take you a little longer to read.
                  | [a neqoxec]
131417 | Abyss:3  | Received a gift from Nemelex Xobeh
131516 | Abyss:3  | Got a pair of smoking boots
131718 | Abyss:3  | Identified the -5 pair of boots of Vosiheoto {Dex+5} (You
                  | found it on level 3 of the Abyss)
131937 | Abyss:3  | Received a gift from Nemelex Xobeh
131963 | Abyss:3  | Found a corrupted altar of Lugonu.
132069 | Abyss:3  | Found a corrupted altar of Lugonu.
132388 | Abyss:3  | Got an abyssal rune of Zot
132410 | Depths:1 | Escaped the Abyss
132487 | Depths:3 | Bought a scroll of amnesia for 73 gold pieces
134054 | Vaults:5 | Learned a level 7 spell: Malign Gateway
134389 | Zot:1    | Entered Level 1 of the Realm of Zot
134517 | Zot:1    | Learned a level 2 spell: Swiftness
134715 | Zot:2    | Received a gift from Nemelex Xobeh
135772 | Depths:2 | Learned a level 6 spell: Dispersal
136155 | Zot:3    | Reached skill level 10 in Translocations
136555 | Zot:4    | Received a gift from Nemelex Xobeh
136662 | Zot:5    | Entered Level 5 of the Realm of Zot
137517 | Zot:5    | Noticed an orb of fire
137517 | Zot:5    | Gained mutation: You are clumsy. (Dex -2) [an orb of fire]
137525 | Zot:5    | Noticed an orb of fire
137537 | Zot:5    | Killed an orb of fire
137542 | Zot:5    | Killed an orb of fire
137651 | Zot:5    | Gained mutation: You are frail. (-10% HP) [an orb of fire]
137671 | Zot:5    | Gained mutation: You are very frail. (-20% HP) [an orb of
                  | fire]
137672 | Zot:5    | Gained mutation: Armour fits poorly on your strangely
                  | shaped body. [an orb of fire]
137680 | Zot:5    | Killed an orb of fire
138089 | Zot:5    | Got a pitted chain mail
138092 | Zot:5    | Identified the cursed +0 chain mail of Itta {Int+5 Dex-3}
                  | (You found it on level 5 of the Realm of Zot)
138127 | Zot:5    | Noticed an orb of fire
138149 | Zot:5    | Gained mutation: Your magical capacity is low. (-10% MP)
                  | [an orb of fire]
138152 | Zot:5    | Killed an orb of fire
138173 | Zot:5    | Noticed an ancient lich
138199 | Zot:5    | Killed an ancient lich
138412 | Zot:5    | Noticed an ancient lich
138426 | Zot:5    | Killed an ancient lich
139348 | Zot:5    | Noticed an ancient lich
139363 | Zot:5    | Killed an ancient lich
139747 | Zot:5    | Noticed an ancient lich
139762 | Zot:5    | Killed an ancient lich
140403 | Zot:5    | Noticed an ancient lich
140511 | Zot:5    | Noticed an orb of fire
140519 | Zot:5    | Lost mutation: You possess an exceptional clarity of mind.
                  | [an orb of fire]
140841 | Zot:5    | Killed an ancient lich
140841 | Zot:5    | Reached skill level 10 in Dodging
140940 | Zot:5    | Killed an orb of fire
141904 | Zot:5    | Noticed an orb of fire
141906 | Zot:5    | Lost mutation: Scrolls take you a little longer to read.
                  | [an orb of fire]
141915 | Zot:5    | Banished an orb of fire
142376 | Zot:5    | Learned a level 2 spell: Passwall
142379 | Zot:5    | Got the Orb of Zot
142486 | Zot:2    | Noticed Ityll the pandemonium lord
142916 | D:$      | Escaped with the Orb!

Skill      XL: |  1  2  3  4  5  6  7  8  9 10 11 12 13 14 15 16 17 18 19 20 21 22 23 24 25 26 27 |
---------------+----------------------------------------------------------------------------------+-----
Spellcasting   | 2 3 4 5 7 9 11 12 14 | 14.0
Conjurations   | 2 3 4 6 7 9 10 11 | 11.2
Axes           | 1 2 9 10 11 13 15 16 18 | 18.0
Fire Magic     | 4 5 6 7 9 10 11 12 | 12.0
Shields        | 1 2 3 4 9 14 15 | 15.0
Invocations    | 1 2 3 5 6 8 9 11 12 13 14 15 17 18 19 20 21 22 | 22.0
Armour         | 2 5 6 9 11 12 13 14 15 16 | 16.0
Fighting       | 1 4 6 8 9 10 11 12 13 14 16 17 19 21 | 21.2
Hexes          | 2 3 5 |  5.0
Charms         | 1 5 6 7 |  7.5
Necromancy     | 3 |  3.0
Poison Magic   | 4 5 7 |  7.0
Air Magic      | 3 4 |  4.0
Translocations | 3 4 6 7 12 | 12.0
Dodging        | 3 5 6 8 10 | 10.8
Summonings     | 4 8 11 13 14 15 16 18 | 18.0
Evocations     | 4 10 | 10.0
Stealth        | |  1.5

Action                   |  1- 3 |  4- 6 |  7- 9 | 10-12 | 13-15 | 16-18 | 19-21 | 22-24 | 25-27 || total
-------------------------+-------+-------+-------+-------+-------+-------+-------+-------+-------++-------
Melee: Unarmed           |     3 |       |       |       |       |       |       |       |       ||     3
       Hand axe          |    19 |    92 |   314 |    56 |       |       |       |    45 |    83 ||   609
       War axe           |       |       |       |   302 |   991 |   898 |       |       |       ||  2191
       Kick              |       |       |       |       |   149 |   341 |   328 |   368 |       ||  1186
       Rapier            |       |       |       |       |       |     5 |    18 |       |       ||    23
       Broad axe         |       |       |       |       |       |   348 |   968 |  1238 |  2827 ||  5381
       Staff             |       |       |       |       |       |       |       |    17 |     1 ||    18
Throw: Stone             |    20 |    54 |   108 |    29 |       |       |       |       |       ||   211
       Javelin           |       |       |       |   100 |    82 |    21 |    21 |       |       ||   224
 Cast: Flame Tongue      |    58 |   119 |    32 |    53 |   378 |   141 |       |       |       ||   781
       Conjure Flame     |     1 |     6 |    15 |    11 |    45 |    20 |       |       |       ||    98
       Sticky Flame      |       |       |    40 |    79 |   122 |    79 |   130 |   127 |    22 ||   599
       Fireball          |       |       |       |    22 |    57 |     6 |    63 |    72 |    61 ||   281
       Spectral Weapon   |       |       |       |     9 |    25 |    42 |     8 |       |       ||    84
       Regeneration      |       |       |       |     3 |    41 |    40 |    72 |    87 |   240 ||   483
       Song of Slaying   |       |       |       |       |    19 |     1 |     1 |    15 |    27 ||    63
       Poisonous Vapours |       |       |       |       |   162 |   396 |   233 |   110 |       ||   901
       Mephitic Cloud    |       |       |       |       |       |    31 |       |       |       ||    31
       Apportation       |       |       |       |       |       |    14 |    26 |     1 |    45 ||    86
       Summon Lightning  |       |       |       |       |       |       |   104 |   122 |   187 ||   413
       Aura of Abjuratio |       |       |       |       |       |       |     6 |    15 |    36 ||    57
       Shadow Creatures  |       |       |       |       |       |       |    25 |    75 |   175 ||   275
       Summon Butterflie |       |       |       |       |       |       |     6 |       |    33 ||    39
       Blink             |       |       |       |       |       |       |     2 |       |    14 ||    16
       Summon Mana Viper |       |       |       |       |       |       |       |    11 |    85 ||    96
       Passage of Golubr |       |       |       |       |       |       |       |     5 |    30 ||    35
       Olgreb's Toxic Ra |       |       |       |       |       |       |       |    36 |    34 ||    70
       Summon Greater De |       |       |       |       |       |       |       |       |    41 ||    41
       Malign Gateway    |       |       |       |       |       |       |       |       |    18 ||    18
       Dispersal         |       |       |       |       |       |       |       |       |     6 ||     6
       Passwall          |       |       |       |       |       |       |       |       |     2 ||     2
       Swiftness         |       |       |       |       |       |       |       |       |     2 ||     2
Invok: Stack Five        |       |       |       |     1 |     2 |     2 |     2 |       |     4 ||    11
       Triple Draw       |       |       |       |       |     1 |     1 |       |       |     1 ||     3
       Deal Four         |       |       |       |       |     1 |       |       |       |       ||     1
 Abil: Evoke Flight      |       |       |       |       |       |       |     1 |       |       ||     1
       Evoke Invisibilit |       |       |       |       |       |       |       |       |     1 ||     1
Evoke: Deck              |       |     1 |     1 |    14 |    27 |    11 |    17 |     4 |     4 ||    79
       Wand              |       |       |       |     4 |     5 |     2 |     5 |     2 |    15 ||    33
  Use: Scroll            |       |     7 |     7 |    11 |    21 |    13 |    19 |    19 |    37 ||   134
       Potion            |       |       |       |     2 |     5 |     2 |     4 |     3 |     8 ||    24
 Stab: Sleeping          |     1 |     1 |       |       |       |       |       |       |       ||     2
       Distracted        |       |       |       |     1 |     2 |     5 |    18 |    38 |    69 ||   133
       Paralysed         |       |       |       |       |     2 |     2 |       |       |       ||     4
       Confused          |       |       |       |       |       |    15 |       |       |       ||    15
       Petrifying        |       |       |       |       |       |       |     1 |       |       ||     1
       Invisible         |       |       |       |       |       |       |       |       |     4 ||     4
  Eat: Chunk             |     1 |    14 |    16 |    39 |    74 |    42 |    79 |    54 |    38 ||   357
       Ration            |     1 |     1 |     4 |    11 |    11 |    13 |     9 |    12 |    37 ||    99
Armor: Robe              |     9 |    35 |    18 |       |       |       |       |       |       ||    62
       Ring mail         |       |       |    29 |    24 |       |       |       |       |       ||    53
       Troll leather arm |       |       |       |    10 |       |       |       |       |       ||    10
       Quicksilver drago |       |       |       |    81 |   185 |    71 |   158 |       |       ||   495
       Chain mail        |       |       |       |       |    29 |   608 |   227 |   209 |       ||  1073
       Scale mail        |       |       |       |       |       |       |       |   254 |   880 ||  1134
Dodge: Dodged            |    42 |    96 |   179 |   287 |   414 |   365 |   245 |   303 |   768 ||  2699
       Deflected         |       |       |       |       |     8 |    25 |     2 |    12 |       ||    47
Block: Buckler           |       |    99 |   196 |   239 |   722 |  1066 |   775 |   839 |   631 ||  4567
       Reflection        |       |     4 |     9 |     5 |    18 |    40 |   106 |    99 |    94 ||   375
       Shield            |       |       |       |       |       |       |       |       |  1879 ||  1879
